Map: Bridgehead LE (Void)

Players

꽈르릉

  • Race: Zerg Zerg

HzVee

  • Race: Protoss Protoss

VOD

Have the link to the VOD?

Description

Time

  • Played on: Oct. 2, 2015, 2:35 a.m.
  • Length: 3:56
Show
View Real Time Build Order
Export as new Build Order

꽈르릉 Zerg 

Build Orders: Hatch First 

Get SALT Encoding   

  12  0:03  Drone  
  13  0:11  Drone  
  14  0:25  Extractor x2  
  14  0:26  Drone x2  
  16  0:48  Hatchery  
  15  1:00  Spawning Pool  
  14  1:08  Extractor  
  14  1:09  Extractor  
  14  1:10  Drone x2  
  14  1:13  Overlord  
  16  1:22  Extractor  
  15  1:31  Drone  
  16  1:33  Drone  
  17  1:42  Drone  
  18  1:48  Queen  
  20  1:55  Drone  
  20  2:01  Drone, Queen  
  22  2:05  Drone  
  25  2:12  Roach Warren  
  25  2:14  Drone  
  25  2:20  Drone  
  26  2:26  Lair  
  26  2:33  Drone x2  
  28  2:42  Overlord  
  28  2:48  Drone, Extractor  
  28  3:04  Drone x8  
  36  3:20  Overlord  
  36  3:25  Hydralisk Den  
  35  3:31  Extractor  
  34  3:34  Overlord, Roach  
  36  3:51  Hatchery  
Show
View Real Time Build Order
Export as new Build Order

HzVee Protoss 

Build Orders:  

Get SALT Encoding   

  12  0:03  Probe (Chrono Boost)  
  13  0:13  Probe (Chrono Boost)  
  14  0:22  Pylon  
  14  0:24  Probe (Chrono Boost)  
  15  0:40  Probe (Chrono Boost)  
  15  0:41  Gateway  
  16  0:50  Probe (Chrono Boost), Assimilator  
  17  1:00  Probe (Chrono Boost)  
  18  1:25  Gateway  
  18  1:27  Probe (Chrono Boost)  
  18  1:32  Pylon  
  19  1:37  Probe (Chrono Boost)  
  20  1:41  Cybernetics Core  
  20  1:49  Assimilator  
  20  1:52  Probe (Chrono Boost)  
  21  2:02  Probe (Chrono Boost)  
  22  2:12  Probe (Chrono Boost)  
  22  2:14  Pylon, Warp Gate (Chrono Boost)  
  23  2:28  Gateway  
  23  2:29  Adept x2  
  27  2:41  Probe  
  28  2:53  Probe  
  29  3:00  Nexus  
  31  3:06  Mothership Core, Adept  
  33  3:19  Stalker  
Tags
 
Add a new tag
Caveats
  • Supply blocks, unpowered buildings, or Contaminate may cause inaccurate times.
  • Supply counts are checked every 10 seconds.